AoeStats
← 鄙人張麻子

Arabia

505469430Analyzed
1v1 RM · 23d ago on Sep 9, 2026· 25m 1s· 2 players
Game mode
Random Map
Map size
Tiny (2 player)
Population
200
Speed
Normal
Resources
Standard
Victory
Conquest
Starting age
Dark Age
Ending age
Imperial Age
RankedLock teamsTeams togetherTeam positionsShared explorationLock speedFull tech treeHidden civsTurbo modeCheats
Victory
Defeat
🇹🇼 Magyars · Taiwan
1140
+16
🇫🇷 Magyars · France
1141
-16
鄙人張麻子
6:07 Loom
8:56 Feudal Age
9:28 Double-Bit Axe
16:17 Wheelbarrow
16:52 Fletching
21:24 Castle Age
19:24 Horse Collar
20:32 Bloodlines
20:16 Gold Mining
21:12 Scale Barding Armor
22:37 Chain Barding Armor
Michel-Michel-Michel
6:19 Loom
9:26 Feudal Age
10:12 Double-Bit Axe
10:21 Arson
11:15 Horse Collar
21:47 Castle Age
22:07 Scale Barding Armor
23:03 Bow Saw
24:16 Padded Archer Armor
24:53 Chain Barding Armor
Connection lost

Rejoining the realm…

Still unreachable

The connection could not be restored.

Session expired

The server has moved on; the page needs a fresh start.